 Dungeon Crawl Stone Soup version 0.14.2 (webtiles) character file.

234 Patchouli the Magician (level 5, 0/28 HPs)
             Began as a Deep Elf Ice Elementalist on Nov 2, 2016.
             Killed from afar by Dowan (21 damage)
             ... with a shard of ice
             ... on Level 4 of the Dungeon.
             The game lasted 00:05:17 (606 turns).

Patchouli the Magician (Deep Elf Ice Elementalist)   Turns: 606, Time: 00:05:17

HP   0/28        AC  2     Str  6      XL: 5   Next: 29%
MP  11/19        EV 13     Int 20      God:
Gold 59          SH  0     Dex 15      Spells:  4 memorised,  4 levels left

rFire  . . .     SeeInvis .     e - +2 spear
rCold  . . .     Clarity  .     a - +0 robe
rNeg   . . .     Conserve .     (no shield)
rPois  .         rCorr    .     (no helmet)
rElec  .         rRot     .     (no cloak)
SustAb . .       Spirit   .     (no gloves)
rMut   .         Warding  .     (no boots)
Saprov . . .     Stasis   .     (no amulet)
MR     .....                    (no ring)
                                (no ring)

@: very slightly contaminated, not resistant to hostile enchantments, fairly
stealthy
A: no striking features
a: no special abilities


You were on level 4 of the Dungeon.
You were not hungry.

You visited 1 branch of the dungeon, and saw 5 of its levels.

You collected 59 gold pieces.

Inventory:

Hand weapons
 e - a +2,+2 spear (weapon)
 f - a +1,+1 sling of evasion
Armour
 a - a +0 robe (worn)
Comestibles
 c - a bread ration
 g - a rotting chunk of orc flesh
 i - a rotting chunk of orc flesh
Scrolls
 h - a scroll of teleportation
Potions
 d - a potion of confusion
Books
 b - a book of Frost

   Spells                             Type                      Level
   *Freeze                            Ice                          1
   *Throw Frost                       Conjuration/Ice              2
   *Ozocubu's Armour                  Charms/Ice                   3
   Throw Icicle                       Conjuration/Ice              4
   *Summon Ice Beast                  Ice/Summoning                4
   Condensation Shield                Ice                          4


   Skills:
 - Level 2.4 Dodging
 - Level 2.4 Stealth
 - Level 5.4 Spellcasting
 - Level 1.1 Conjurations
 * Level 1.5 Summonings
 + Level 5.0 Ice Magic


You had 4 spell levels left.
You knew the following spells:

 Your Spells              Type           Power        Failure   Level  Hunger
a - Freeze                Ice            ####         1%          1    None
b - Throw Frost           Conj/Ice       ###...       6%          2    None
c - Summon Ice Beast      Ice/Summ       ###.....     30%         4    ####...
q - Ozocubu's Armour      Chrm/Ice       ###.......   14%         3    ##.....


Dungeon Overview and Level Annotations

Branches:
Dungeon (5/15)
 Temple: D:4-7

Altars:

Annotations:
D:4 Dowan


Message History

Dowan seems overcome with grief, but rights himself reflexively soon after.
Dowan seems to find hidden reserves of power!
Your Summonings skill increases to level 1!
Your Ice Magic skill increases to level 5!
A worker ant comes into view.
What do you say? t - Shout!
Orders for allies: a - Attack new target. r - Retreat! s - Stop attacking. w - Wait here. f - Follow me.
Anything else - Stay silent.
Gang up on whom?
Press: ? - help, Dir - move target cursor, f - Dowan
Aim: Dowan, wielding a dagger and wearing an embroidered robe (moving very quickly) Attack!
The worker ant twitches its antennae in your direction.
Dowan gestures at you while chanting. The shard of ice misses your ice beast.
The shard of ice hits you!
Ouch! That really hurt!
You die...

.# #..# .#
#..######## .#
#>.......... .#
#........... .#
#.)........ .#
#.......##
.##########.......#
..............%<..#
..............)I@.#
..........e.......#
.....(............#
.####..##########.#
.# #..# #.'....# l#
#..# #.#....# .#
#..# #.#....# .
#... ..# #### .a.


You could see Dowan, a worker ant and a friendly ice beast.

Vanquished Creatures
  A hound (D:3)
  2 orc wizards (D:3)
  Natasha (D:3)
  An adder (D:3)
  A giant mite (D:3)
  An orc (D:2)
  A bat (D:3)
  2 giant cockroaches (D:2)
  2 hobgoblins
  2 jackals (D:4)
  3 kobolds
  3 goblins
20 creatures vanquished.

Vanquished Creatures (collateral kills)
  Duvessa (D:4)
  2 jackals (D:4)
3 creatures vanquished.

Grand Total: 23 creatures vanquished

Notes
Turn   | Place    | Note
--------------------------------------------------------------
     0 | D:1      | Patchouli, the Deep Elf Ice Elementalist, began the quest for the Orb.
     0 | D:1      | Reached XP level 1. HP: 10/10 MP: 5/5
   201 | D:3      | Noticed a hound
   205 | D:3      | Killed a hound
   205 | D:3      | Reached skill level 4 in Spellcasting
   205 | D:3      | Reached XP level 2. HP: 15/15 MP: 3/9
   205 | D:3      | Reached XP level 3. HP: 19/19 MP: 4/12
   208 | D:3      | Noticed an orc wizard
   216 | D:2      | Learned a level 2 spell: Throw Frost
   220 | D:2      | Learned a level 3 spell: Ozocubu's Armour
   288 | D:3      | Killed an orc wizard
   297 | D:3      | Noticed Natasha
   308 | D:3      | Killed Natasha
   308 | D:3      | Reached XP level 4. HP: 16/24 MP: 6/16
   396 | D:3      | Reached skill level 5 in Spellcasting
   497 | D:2      | Learned a level 4 spell: Summon Ice Beast
   568 | D:5      | Entered Level 5 of the Dungeon
   577 | D:4      | Noticed Duvessa
   578 | D:4      | Noticed Dowan
   599 | D:4      | Reached XP level 5. HP: 24/28 MP: 10/19
   605 | D:4      | Killed Duvessa
   605 | D:4      | Reached skill level 1 in Summonings
   605 | D:4      | Reached skill level 5 in Ice Magic
   606 | D:4      | Killed from afar by Dowan

Action                   |  1- 3 |  4- 6 || total
-------------------------+-------+-------++-------
Melee: Spear             |     6 |    10 ||    16
 Cast: Freeze            |    11 |    21 ||    32
       Ozocubu's Armour  |     1 |       ||     1
       Summon Ice Beast  |       |     1 ||     1
  Use: Scroll            |       |     3 ||     3
 Stab: Sleeping          |       |     3 ||     3
